Map: King Sejong Station LE

Players

Nickos - Winner!

  • Race: Terran Terran
  • League: Gold

hamujin

  • Race: Zerg Zerg
  • League: Gold

VOD

Have the link to the VOD?

Description

Time

  • Played on: Oct. 1, 2016, 7:32 a.m.
  • Length: 13:40
Show
View Real Time Build Order
Export as new Build Order

Nickos Terran - Winner!

Build Orders: Reaper Expand, MMM Bio 

Get SALT Encoding   

  12  0:01  SCV  
  13  0:13  SCV  
  14  0:17  Supply Depot  
  14  0:25  SCV  
  15  0:39  SCV  
  15  0:40  Barracks  
  16  0:47  Refinery  
  16  0:51  SCV  
  17  1:03  SCV  
  18  1:16  SCV  
  19  1:30  Reaper  
  19  1:31  Orbital Command  
  20  1:40  Command Center  
  20  1:53  Barracks  
  20  2:00  Supply Depot  
  20  2:01  SCV  
  21  2:13  SCV  
  21  2:14  Barracks Reactor  
  22  2:26  SCV  
  22  2:28  Factory  
  23  2:32  Refinery  
  23  2:38  SCV  
  24  2:53  Orbital Command, SCV  
  25  3:02  Barracks Tech Lab, Marine x2  
  25  3:05  SCV  
  27  3:14  Bunker  
  27  3:17  Factory Reactor, SCV  
  27  3:18  Starport  
  27  3:19  Marine  
  28  3:20  Marine  
  30  3:27  SCV  
  30  3:29  SCV  
  30  3:33  Marine  
  33  3:38  Marine  
  33  3:39  SCV, Marine  
  36  3:46  SCV  
  36  3:48  Stimpack  
  37  3:51  SCV  
  37  3:53  Marine  
  39  3:56  Supply Depot  
  39  3:58  SCV  
  39  4:00  Marine  
  39  4:01  Marine  
  42  4:04  SCV  
  43  4:10  SCV  
  43  4:11  Engineering Bay x2  
  43  4:16  Marine, SCV  
  46  4:17  Medivac  
  46  4:18  Medivac, Marine  
  46  4:24  SCV  
  52  4:28  SCV  
  52  4:30  Marine  
  54  4:33  Supply Depot  
  54  4:36  SCV, Marine  
  56  4:39  Terran Infantry Weapons Level 1  
  56  4:40  SCV  
  57  4:54  Terran Infantry Armor Level 1  
  57  4:55  SCV  
  57  4:56  SCV  
  59  5:00  Marine x3  
  62  5:07  SCV  
  62  5:08  Factory Tech Lab, Supply Depot  
  63  5:14  Refinery  
  63  5:18  Marine  
  64  5:23  SCV x2  
  65  5:43  Marine x3  
  65  5:45  Command Center, Siege Tank  
  65  5:46  Medivac  
  73  6:00  Marine  
  74  6:05  SCV x2  
  76  6:16  Marine x2  
  78  6:35  SCV  
  77  6:57  Medivac  
  77  7:00  Medivac  
  74  7:09  Command Center  
  67  7:19  Siege Tank  
  70  7:24  Combat Shields  
  70  7:28  Armory  
  70  7:31  Marine x3  
  70  7:36  Barracks  
  73  7:39  Barracks x2  
  73  7:40  Barracks, SCV x2  
  75  7:47  Command Center  
  75  7:48  Medivac, Marine  
  78  8:15  Supply Depot  
  78  8:16  Supply Depot  
  78  8:17  Supply Depot  
  78  8:18  Supply Depot  
  78  8:20  Supply Depot  
  78  8:21  Medivac, SCV x2, Siege Tank, Marauder, Marine x2  
  78  8:23  Orbital Command  
  89  8:28  Barracks Tech Lab x2  
  89  8:33  SCV x2  
  91  8:38  Marine  
  91  8:39  Marine x2  
  91  8:40  Supply Depot  
  94  8:42  Supply Depot, Marine  
  94  8:43  Concussive Shells  
  94  8:44  Barracks Tech Lab  
  94  8:45  SCV  
  96  8:55  Marine  
  96  8:58  Marine x4  
  96  9:00  Marine  
  102  9:26  Marine x4  
  102  9:27  Marauder x3  
  112  9:40  Liberator x2  
  112  9:45  Marauder  
  114  9:48  Marauder  
  114  9:49  Marauder x2  
  120  9:54  Marine  
  120  9:55  Orbital Command, Marine x2  
  129  10:06  Marauder  
  131  10:10  Marauder x3  
  131  10:12  Marine x2  
  131  10:13  Marine  
  137  10:22  Liberator  
  137  10:27  Marine  
  138  10:31  Marine, Marauder x2  
  138  10:32  Marauder  
  145  10:36  Marine  
  145  10:40  Planetary Fortress, Supply Depot  
  149  10:45  Marauder  
  149  10:49  Marine  
  152  10:50  Barracks Tech Lab  
  152  10:53  Marauder x3  
  158  11:00  Supply Depot  
  158  11:03  Supply Depot  
  158  11:07  Marauder  
  160  11:14  Marauder x3  
  166  11:20  Orbital Command  
  166  11:23  Supply Depot  
  166  11:28  Marauder  
  135  11:35  Marauder  
  135  11:36  Marauder  
  135  11:39  Marine x4  
  121  11:49  Marine  
  122  11:56  Marine x2  
  122  11:58  Marauder x2  
  128  12:07  Marauder  
  117  12:09  Marine  
  117  12:10  Marine  
  117  12:11  Medivac x2  
  117  12:15  Marauder x2  
  121  12:18  Marine  
  121  12:19  Marauder  
  124  12:27  Marine x2  
  124  12:29  Marauder  
  128  12:35  Marine  
  128  12:36  Marine x2  
  131  12:40  Marine  
  131  12:41  Medivac x2  
  131  12:45  Marine x2  
  131  12:49  Marine  
  127  12:53  Marine x2  
  127  12:54  Marine  
  127  12:58  Marine  
  125  13:03  Marine x2  
  121  13:07  Marine  
  121  13:11  Marine x2  
  121  13:12  Marine  
  118  13:16  Marine  
  106  13:21  Marine x2  
Show
View Real Time Build Order
Export as new Build Order

hamujin Zerg 

Build Orders: Hatch First 

Get SALT Encoding   

  12  0:01  Drone  
  13  0:12  Overlord  
  13  0:17  Drone  
  14  0:32  Drone x2  
  16  0:36  Drone  
  17  0:49  Drone  
  18  0:57  Hatchery  
  18  1:04  Drone  
  18  1:07  Extractor  
  18  1:09  Drone  
  18  1:18  Drone  
  19  1:22  Spawning Pool  
  18  1:32  Overlord  
  18  1:39  Drone  
  19  1:56  Drone  
  20  2:05  Drone  
  21  2:09  Queen  
  21  2:13  Queen  
  21  2:14  Zergling x2  
  26  2:16  Drone  
  26  2:18  Metabolic Boost  
  26  2:20  Drone  
  26  2:22  Drone  
  29  2:32  Overlord  
  29  2:42  Drone x2  
  31  2:48  Drone  
  30  2:53  Drone  
  31  3:03  Drone x2  
  31  3:05  Drone  
  34  3:14  Drone  
  34  3:17  Drone  
  34  3:18  Hatchery  
  34  3:19  Queen  
  37  3:22  Lair  
  37  3:25  Drone x2  
  39  3:33  Evolution Chamber  
  38  3:34  Drone x2  
  38  3:35  Drone  
  38  3:38  Drone  
  38  3:39  Drone  
  43  3:48  Overlord  
  43  3:49  Drone  
  44  4:03  Extractor  
  44  4:07  Extractor  
  42  4:10  Drone x3  
  42  4:11  Drone  
  42  4:16  Extractor  
  45  4:18  Queen  
  45  4:20  Hatchery  
  45  4:22  Drone x2  
  48  4:25  Spore Crawler, Drone x3  
  48  4:30  Spore Crawler  
  48  4:31  Spore Crawler  
  48  4:32  Drone x2  
  48  4:34  Drone  
  48  4:36  Drone  
  52  4:42  Overlord x2  
  52  4:47  Zergling x4  
  52  4:52  Drone x3  
  57  4:59  Drone  
  58  5:06  Zergling x6  
  61  5:13  Drone x3  
  61  5:14  Drone x4  
  66  5:16  Drone  
  69  5:21  Zergling x4  
  69  5:22  Zergling x2  
  72  5:36  Infestation Pit  
  72  5:38  Drone x3  
  72  5:39  Drone, Spire  
  72  5:40  Drone x5  
  78  5:44  Zergling x2  
  78  5:45  Zergling x2  
  78  5:48  Overlord, Zerg Melee Weapons Level 1  
  80  5:56  Extractor  
  79  5:58  Drone  
  79  5:59  Extractor  
  79  6:08  Drone x4  
  83  6:12  Hatchery  
  83  6:13  Drone  
  83  6:14  Drone x2  
  85  6:19  Drone x2  
  85  6:20  Hive  
  85  6:24  Drone  
  88  6:38  Queen  
  88  6:42  Queen  
  88  6:49  Queen  
  88  6:50  Zergling x2  
  70  7:08  Drone x2  
  70  7:09  Drone x16  
  87  7:23  Queen, Spire  
  87  7:28  Evolution Chamber  
  87  7:31  Drone x3  
  90  7:43  Drone x2  
  92  7:49  Drone  
  93  7:54  Overlord x2  
  93  7:55  Zerg Ground Armor Level 1  
  93  7:56  Zerg Melee Weapons Level 2, Adrenal Glands  
  93  8:04  Baneling Nest  
  92  8:08  Ultralisk Cavern  
  91  8:13  Queen  
  91  8:14  Drone  
  91  8:15  Drone x2  
  91  8:17  Drone x2  
  98  8:34  Overlord x2  
  98  8:35  Overlord x2  
  98  8:41  Extractor  
  98  8:43  Extractor  
  98  8:46  Zergling x2, Mutalisk  
  99  8:58  Ultralisk  
  99  8:59  Ultralisk x3  
  99  9:00  Overlord x5  
  123  9:07  Ultralisk  
  122  9:26  Ultralisk  
  126  9:48  Mutalisk  
  126  9:49  Mutalisk x2  
  132  9:58  Zergling x2  
  132  9:59  Zergling x40  
  153  10:02  Extractor  
  153  10:04  Extractor  
  143  10:17  Hatchery  
  143  10:19  Zergling x12  
  148  10:27  Mutalisk  
  150  10:39  Ultralisk  
  150  10:41  Zerg Melee Weapons Level 3  
  150  10:42  Zerg Ground Armor Level 2  
  156  10:44  Overlord x4  
  156  10:49  Lair  
  156  11:04  Greater Spire  
  156  11:16  Hatchery  
  116  11:37  Mutalisk x7  
  116  11:38  Zergling x2  
  116  11:39  Zergling x24  
  111  12:04  Mutalisk x4  
  111  12:05  Overlord  
  111  12:06  Overlord x3  
  95  12:19  Zergling x2  
  95  12:20  Zergling x16  
  98  12:27  Zergling x2  
  98  12:28  Zergling x6  
  100  12:30  Mutalisk  
  100  12:31  Mutalisk  
  99  12:46  Zergling x10  
  100  12:52  Ultralisk  
  100  12:53  Ultralisk  
  108  13:06  Zergling x2  
  108  13:07  Zergling x4  
  101  13:13  Mutalisk  
  101  13:14  Mutalisk x3  
  101  13:17  Zergling x4  
Tags
 
Add a new tag
Caveats
  • Supply blocks, unpowered buildings, or Contaminate may cause inaccurate times.
  • Supply counts are checked every 10 seconds.